OTTAWA Senators vs DALLAS Stars

Created - 22 novembre 2018 at 19:35

Goals
1 2 3 T
OTTAWA Senators 1 0 1 2
DALLAS Stars 2 1 0 3
Shots
1 2 3 T
OTTAWA Senators 16 8 8 32
DALLAS Stars 11 9 4 24

1st period

1. DALLAS Stars , Dale Weise 1 (Tyler Ennis 6, Dalton Prout 5) at 0:14
2. OTTAWA Senators , Dylan Larkin 2 (Connor McDavid 15, Cody Ceci 15) at 13:01
3. DALLAS Stars , Tyler Ennis 4 (Dale Weise 3, Lee Stempniak 4) at 14:54

Penalties :
Ben Hutton (DAL) for Roughing (Minor) at 2:24, Pavel Zacha (OTT) for Holding (Minor) at 10:34, MacKenzie Weegar (DAL) for Interference (Minor) at 17:00

2nd period

4. DALLAS Stars , Scott Hartnell 7 (Eric Fehr 6) at 14:11

Penalties :
Scott Hartnell (DAL) for Fighting (Major) at 17:54, Gabriel Landeskog (OTT) for Fighting (Major) at 17:54, Connor Murphy (DAL) for Fighting (Major) at 17:54, Dylan Larkin (OTT) for Fighting (Major) at 17:54, Eric Fehr (DAL) for Fighting (Major) at 17:54, Sami Vatanen (OTT) for Fighting (Major) at 17:54, Ben Hutton (DAL) for Slashing (Minor) at 17:54, Chris Stewart (DAL) for Roughing (Minor) at 17:54, Connor McDavid (OTT) for Slashing (Minor) at 17:54, Cody Ceci (OTT) for Roughing (Minor) at 17:54

3rd period

5. OTTAWA Senators , Gabriel Landeskog 10 (Connor McDavid 16, Keith Yandle 6) at 11:32 (PP)

Penalties :
Milan Lucic (DAL) for Roughing (Minor) at 9:49, Lee Stempniak (DAL) for Hooking (Minor) at 18:34

Goalie Stats

Tuukka Rask (OTT), 21 saves from 24 shots - (0,875), L, 12-9-1, 59:00 minutes
Steve Mason (DAL), 30 saves from 32 shots - (0,938), W, 4-10-0, 60:00 minutes

Players Stats for OTTAWA Senators

Player Name              G  A  P  +/- PIM S  H  SB GA TA FO     MP     PP MP  PK MP  
------------------------------------------------------------------------------------
Brandon Saad             0  0  0   0  0   1  0  2  0  0  2/2    18:01   2:50   0:45 
Brendan Gaunce           0  0  0   0  0   0  0  0  0  0  1/1     4:41   0:00   0:00 
Cody Ceci                0  1  1  -1  2   0  1  3  0  0  0/0    23:43   3:34   0:58 
Connor McDavid           0  2  2   0  2   11 0  0  0  0  24/38  24:03   3:59   0:00 
Derek Grant              0  0  0   0  0   1  0  0  0  0  2/4     4:35   0:00   0:00 
Dylan Larkin             1  0  1   0  5   2  0  0  0  0  0/1    21:52   3:59   0:00 
Fredrik Claesson         0  0  0   1  0   1  1  1  0  0  0/0    14:33   2:42   0:00 
Gabriel Landeskog        1  0  1   0  5   4  4  0  0  0  2/3    22:37   3:59   0:45 
Jack Eichel              0  0  0   0  0   1  0  0  0  0  10/14  13:23   0:00   0:00 
Jacob Trouba             0  0  0  -1  0   0  1  2  0  0  0/0    20:26   0:00   0:00 
Jon Merrill              0  0  0   0  0   0  2  1  0  0  0/0    10:25   0:17   0:00 
Keith Yandle             0  1  1  -1  0   1  0  3  0  0  0/0    25:13   3:32   0:54 
Matt Nieto               0  0  0  -2  0   3  3  0  0  0  4/7    18:15   3:07   1:14 
Nikolay Goldobin         0  0  0  -2  0   1  0  0  0  0  1/1    11:10   0:17   0:00 
Noah Hanifin             0  0  0   0  0   1  0  1  0  0  0/0     4:35   0:52   1:01 
Pavel Zacha              0  0  0  -2  2   2  0  2  0  0  8/14   12:51   0:00   0:00 
Sami Vatanen             0  0  0  -2  5   0  0  2  0  0  0/0    21:20   3:32   1:05 
Tobias Rieder            0  0  0   0  0   3  1  0  0  0  2/5    24:13   2:50   1:14 

Players Stats for DALLAS Stars

Player Name              G  A  P  +/- PIM S  H  SB GA TA FO     MP     PP MP  PK MP  
------------------------------------------------------------------------------------
Ben Hutton               0  0  0  -1  4   0  2  0  0  0  0/0    17:30   1:18   0:15 
Chris Kunitz             0  0  0   0  0   2  1  0  0  0  1/5    17:17   1:18   0:17 
Chris Stewart            0  0  0   1  2   2  0  1  0  0  2/5    18:48   0:41   3:00 
Connor Murphy            0  0  0  -1  5   1  1  4  0  0  0/0    18:22   0:57   2:41 
Dale Weise               1  1  2   2  0   2  4  0  0  0  10/23  17:54   0:24   0:00 
Dalton Prout             0  1  1   3  0   0  0  1  0  0  0/0    17:46   0:00   0:03 
Derek Ryan               0  0  0   0  0   2  1  0  0  0  8/15   13:37   0:57   0:00 
Eric Fehr                0  1  1   1  5   1  0  0  0  0  8/25   16:06   0:38   0:30 
Eric Gelinas             0  0  0   3  0   1  5  0  0  0  0/0    22:32   0:24   3:38 
Jamie McGinn             0  0  0   0  0   0  0  0  0  0  1/1    13:52   1:18   0:00 
Lee Stempniak            0  1  1   2  2   4  0  0  0  0  0/1    14:25   0:00   0:00 
MacKenzie Weegar         0  0  0   0  2   0  3  1  0  0  0/0    20:51   0:17   3:27 
Mark Barberio            0  0  0   0  0   0  1  2  0  0  0/0    22:51   1:02   4:08 
Mikkel Boedker           0  0  0  -1  0   1  0  0  0  0  0/0     9:41   0:00   2:11 
Milan Lucic              0  0  0  -1  2   0  0  0  0  0  1/6     6:57   0:00   0:00 
Scott Hartnell           1  0  1   1  5   4  1  0  0  0  0/0    18:22   0:41   4:27 
Tanner Fritz             0  0  0   0  0   0  0  0  0  0  0/0     0:00   0:00   0:00 
Tyler Ennis              1  1  2   1  0   4  0  0  0  0  3/9    23:55   0:00   3:47 

3 Stars

1 - Dale Weise (DAL)
2 - Tyler Ennis (DAL)
3 - Eric Gelinas (DAL)

Power Play

OTTAWA Senators - 1 on 4 Attempt(s) - 25,00%
DALLAS Stars - 0 on 1 Attempt(s) - 0,00%

Penalty Kill

OTTAWA Senators - 1 on 1 Attempt(s) - 100,00% - Score 0 goal in Penalty Kill
DALLAS Stars - 3 on 4 Attempt(s) - 75,00% - Score 0 goal in Penalty Kill

Team Stat

OTTAWA Senators - Hits : 13 - Faceoff Wins : 56 - Blocked Shots : 17 - Penalty Minutes : 21
DALLAS Stars - Hits : 19 - Faceoff Wins : 34 - Blocked Shots : 9 - Penalty Minutes : 27

Official

Referees : Unknown
Linesman : Unknown

Game Notes

Noah Hanifin is injured at 11:48 of 1st period (Left Hand)
General Fight at 17:54 of 2nd period
Gabriel Landeskog beats up Scott Hartnell at 17:54 of 2nd period
Connor Murphy and Dylan Larkin fight to a draw at 17:54 of 2nd period
Eric Fehr and Sami Vatanen fight to a draw at 17:54 of 2nd period

Finance

Level 1 -- Attendance: 4185 (64,38%) -- Ticket Income 502 200 $
Level 2 -- Attendance: 3605 (60,08%) -- Ticket Income 245 140 $
Level 3 -- Attendance: 2007 (50,18%) -- Ticket Income 68 238 $
Level 4 -- Attendance: 2499 (55,53%) -- Ticket Income 74 970 $
Luxury Box -- Attendance: 742 (74,20%) -- Ticket Income 163 240 $
Game was played at the American Airlines Center.
Total Attendance: 13038 (59,26%)
Total Ticket Income: 1 053 788 $
Other Income: 410 977 $
Total Income: 1 464 765 $

OTTAWA Senators

5 vs 5 Forward 
   Center                   Left Wing                Right Wing               Time % Phy DF OF 
 1 Connor McDavid           Gabriel Landeskog        Dylan Larkin             40     1   2  2  
 2 Jack Eichel              Brandon Saad             Tobias Rieder            30     1   2  2  
 3 Pavel Zacha              Matt Nieto               Nikolay Goldobin         20     1   2  2  
 4 Derek Grant              Brendan Gaunce           Tobias Rieder            10     1   2  2  

5 vs 5 Defense 
   Defense                  Defense                                           Time % Phy DF OF 
 1 Jacob Trouba             Keith Yandle                                      40     1   2  2  
 2 Cody Ceci                Sami Vatanen                                      30     1   2  2  
 3 Fredrik Claesson         Noah Hanifin                                      20     1   2  2  
 4 Jon Merrill              Noah Hanifin                                      10     1   2  2  

PowerPlay Forward 
   Center                   Left Wing                Right Wing               Time % Phy DF OF 
 1 Connor McDavid           Gabriel Landeskog        Dylan Larkin             60     1   2  2  
 2 Matt Nieto               Brandon Saad             Tobias Rieder            40     1   2  2  

PowerPlay Defense
   Defense                  Defense                                           Time % Phy DF OF 
 1 Sami Vatanen             Keith Yandle                                      60     1   2  2  
 2 Cody Ceci                Noah Hanifin                                      40     1   2  2  

Penalty Kill 4 Players Forward 
   Center                   Wing                     Time % Phy DF OF 
 1 Tobias Rieder            Matt Nieto               60     1   2  2  
 2 Gabriel Landeskog        Brandon Saad             40     1   2  2  

Penalty Kill 4 Players Defense
   Defense                  Defense                  Time % Phy DF OF 
 1 Noah Hanifin             Sami Vatanen             60     1   2  2  
 2 Cody Ceci                Keith Yandle             40     1   2  2  

Penalty Kill - 3 Players Forward 
   Forward                                           Time % Phy DF OF 
 1 Tobias Rieder                                     60     1   2  2  
 2 Brandon Saad                                      40     1   2  2  

Penalty Kill - 3 Players Defense
   Defense                  Defense                  Time % Phy DF OF 
 1 Keith Yandle             Cody Ceci                60     1   2  2  
 2 Sami Vatanen             Noah Hanifin             40     1   2  2  

4 vs 4 Forward 
   Center                   Wing                     Time % Phy DF OF 
 1 Brandon Saad             Tobias Rieder            60     1   2  2  
 2 Matt Nieto               Gabriel Landeskog        40     1   2  2  

4 vs 4 Defense
   Defense                  Defense                  Time % Phy DF OF 
 1 Sami Vatanen             Keith Yandle             60     1   2  2  
 2 Cody Ceci                Noah Hanifin             40     1   2  2  

Last Minutes Offensive
   Center                   Left Wing                Right Wing               Defense                  Defense                  
   Connor McDavid           Gabriel Landeskog        Dylan Larkin             Jacob Trouba             Keith Yandle             

Last Minutes Defensive
   Center                   Left Wing                Right Wing               Defense                  Defense                  
   Connor McDavid           Gabriel Landeskog        Dylan Larkin             Jacob Trouba             Keith Yandle             

Goaltenders
Starting : Tuukka Rask              
Backup : James Reimer             

Extra Forwards
Normal : Tobias Rieder, Matt Nieto, Pavel Zacha - PP : Nikolay Goldobin, Matt Nieto - PK : Pavel Zacha
Extra Defensemen
Normal : Sami Vatanen, Noah Hanifin, Cody Ceci - PP : Cody Ceci - PK : Noah Hanifin, Cody Ceci
Penalty Shots
Pavel Zacha, Tobias Rieder, Matt Nieto, Connor McDavid, Brandon Saad

DALLAS Stars

5 vs 5 Forward 
   Center                   Left Wing                Right Wing               Time % Phy DF OF 
 1 Dale Weise               Tyler Ennis              Lee Stempniak            40     1   2  2  
 2 Eric Fehr                Scott Hartnell           Chris Stewart            30     1   2  2  
 3 Derek Ryan               Chris Kunitz             Jamie McGinn             20     1   2  2  
 4 Milan Lucic              Tyler Ennis              Mikkel Boedker           10     1   2  2  

5 vs 5 Defense 
   Defense                  Defense                                           Time % Phy DF OF 
 1 Dalton Prout             Eric Gelinas                                      40     1   2  2  
 2 Mark Barberio            MacKenzie Weegar                                  30     1   2  2  
 3 Connor Murphy            Ben Hutton                                        20     1   2  2  
 4 Connor Murphy            Ben Hutton                                        10     1   2  2  

PowerPlay Forward 
   Center                   Left Wing                Right Wing               Time % Phy DF OF 
 1 Chris Stewart            Scott Hartnell           Dale Weise               60     1   2  2  
 2 Eric Fehr                Chris Kunitz             Jamie McGinn             40     1   2  2  

PowerPlay Defense
   Defense                  Defense                                           Time % Phy DF OF 
 1 Eric Gelinas             Mark Barberio                                     60     1   2  2  
 2 Mark Barberio            Ben Hutton                                        40     1   2  2  

Penalty Kill 4 Players Forward 
   Center                   Wing                     Time % Phy DF OF 
 1 Tyler Ennis              Scott Hartnell           60     1   2  2  
 2 Chris Stewart            Mikkel Boedker           40     1   2  2  

Penalty Kill 4 Players Defense
   Defense                  Defense                  Time % Phy DF OF 
 1 Eric Gelinas             MacKenzie Weegar         60     1   2  2  
 2 Mark Barberio            MacKenzie Weegar         40     1   2  2  

Penalty Kill - 3 Players Forward 
   Forward                                           Time % Phy DF OF 
 1 Tyler Ennis                                       60     1   2  2  
 2 Chris Kunitz                                      40     1   2  2  

Penalty Kill - 3 Players Defense
   Defense                  Defense                  Time % Phy DF OF 
 1 Dalton Prout             Eric Gelinas             60     1   2  2  
 2 Mark Barberio            MacKenzie Weegar         40     1   2  2  

4 vs 4 Forward 
   Center                   Wing                     Time % Phy DF OF 
 1 Chris Kunitz             Chris Stewart            60     1   2  2  
 2 Tyler Ennis              Mikkel Boedker           40     1   2  2  

4 vs 4 Defense
   Defense                  Defense                  Time % Phy DF OF 
 1 Eric Gelinas             Mark Barberio            60     1   2  2  
 2 Mark Barberio            MacKenzie Weegar         40     1   2  2  

Last Minutes Offensive
   Center                   Left Wing                Right Wing               Defense                  Defense                  
   Eric Fehr                Chris Stewart            Lee Stempniak            Dalton Prout             Mark Barberio            

Last Minutes Defensive
   Center                   Left Wing                Right Wing               Defense                  Defense                  
   Lee Stempniak            Jamie McGinn             Dale Weise               Eric Gelinas             MacKenzie Weegar         

Goaltenders
Starting : Steve Mason              
Backup : Scott Darling            

Extra Forwards
Normal : Dale Weise, Chris Stewart, Chris Kunitz - PP : Dale Weise, Chris Stewart - PK : Chris Stewart
Extra Defensemen
Normal : Dalton Prout, Eric Gelinas, Mark Barberio - PP : Dalton Prout - PK : Eric Gelinas, Mark Barberio
Penalty Shots
Milan Lucic, Chris Kunitz, Scott Hartnell, Mikkel Boedker, Jamie McGinn


% Time on Ice - OTTAWA Senators

Lines # - Real PCT - Wanted PCT - Time Play
Normal Forward
1 - 41% - 40% - 20:05
2 - 27% - 30% - 13:23
3 - 22% - 20% - 10:53
4 - 9% - 10% - 4:35
Normal Defense
1 - 40% - 40% - 19:30
2 - 27% - 30% - 13:26
3 - 16% - 20% - 7:59
4 - 16% - 10% - 8:01
PP Forward
1 - 56% - 60% - 3:59
2 - 44% - 40% - 3:07
PP Defense
1 - 50% - 60% - 3:32
2 - 50% - 40% - 3:34
PK Forward
1 - 62% - 60% - 1:14
2 - 38% - 40% - 0:45
PK Defense
1 - 55% - 60% - 1:05
2 - 45% - 40% - 0:54
PK3 Forward
1 - 0% - 60%
2 - 0% - 40%
PK3 Defense
1 - 0% - 60%
2 - 0% - 40%
44 Forward
1 - 53% - 60% - 1:03
2 - 47% - 40% - 0:56
44 Defense
1 - 65% - 60% - 1:17
2 - 35% - 40% - 0:42
Last Minute Offensive  - 0:00
Last Minute Defensive  - 0:00
Total
Forward - 60:00
Defense - 60:00

% Time on Ice - DALLAS Stars

Lines # - Real PCT - Wanted PCT - Time Play
Normal Forward
1 - 29% - 40% - 14:22
2 - 31% - 30% - 15:08
3 - 26% - 20% - 12:34
4 - 14% - 10% - 6:52
Normal Defense
1 - 34% - 40% - 16:51
2 - 33% - 30% - 16:06
3 - 22% - 20% - 10:41
4 - 11% - 10% - 5:18
PP Forward
1 - 34% - 60% - 0:41
2 - 66% - 40% - 1:18
PP Defense
1 - 34% - 60% - 0:41
2 - 66% - 40% - 1:18
PK Forward
1 - 69% - 60% - 4:55
2 - 31% - 40% - 2:11
PK Defense
1 - 52% - 60% - 3:41
2 - 48% - 40% - 3:25
PK3 Forward
1 - 0% - 60%
2 - 0% - 40%
PK3 Defense
1 - 0% - 60%
2 - 0% - 40%
44 Forward
1 - 68% - 60% - 1:21
2 - 32% - 40% - 0:38
44 Defense
1 - 50% - 60% - 0:59
2 - 50% - 40% - 1:00
Last Minute Offensive  - 0:00
Last Minute Defensive  - 0:00
Total
Forward - 60:00
Defense - 60:00

Play by Play

1st period


0:01 of 1st period - Dale Weise wins face-off versus Connor McDavid in neutral zone.
0:12 of 1st period - Shot by Tyler Ennis.
0:12 of 1st period - Shot Misses the Net.
0:14 of 1st period - Shot by Dale Weise.
0:14 of 1st period - Goal by Dale Weise - OTTAWA Senators : 0 - DALLAS Stars : 1.
0:15 of 1st period - Jack Eichel wins face-off versus Eric Fehr in neutral zone.
0:26 of 1st period - Shot by Brandon Saad.
0:26 of 1st period - Shot Blocked by Mark Barberio.
0:51 of 1st period - Icing by Cody Ceci.
0:52 of 1st period - Derek Ryan wins face-off versus Jack Eichel in OTTAWA Senators zone.
0:57 of 1st period - Shot by Jamie McGinn.
0:57 of 1st period - Shot Misses the Net.
1:23 of 1st period - Off-side.
1:24 of 1st period - Dale Weise wins face-off versus Connor McDavid in neutral zone.
1:51 of 1st period - Shot by Lee Stempniak.
1:51 of 1st period - Stopped by Tuukka Rask without a rebound.
1:52 of 1st period - Pavel Zacha wins face-off versus Eric Fehr in OTTAWA Senators zone.
2:24 of 1st period - Shot by Nikolay Goldobin.
2:24 of 1st period - Stopped by Steve Mason without a rebound.
2:24 of 1st period - Minor Penalty to Ben Hutton for Roughing.
2:25 of 1st period - Connor McDavid wins face-off versus Tyler Ennis in DALLAS Stars zone.
2:26 of 1st period - Shot by Sami Vatanen.
2:26 of 1st period - Shot Misses the Net.
2:54 of 1st period - Shot by Connor McDavid.
2:54 of 1st period - Stopped by Steve Mason with a rebound.
2:56 of 1st period - Shot by Gabriel Landeskog.
2:56 of 1st period - Shot Blocked by MacKenzie Weegar.
2:58 of 1st period - Shot by Gabriel Landeskog.
2:58 of 1st period - Stopped by Steve Mason without a rebound.
2:59 of 1st period - Chris Stewart wins face-off versus Matt Nieto in DALLAS Stars zone.
3:05 of 1st period - Icing by Brandon Saad.
3:06 of 1st period - Matt Nieto wins face-off versus Chris Stewart in OTTAWA Senators zone.
3:11 of 1st period - Shot by Brandon Saad.
3:11 of 1st period - Shot Blocked by Chris Stewart.
3:13 of 1st period - Shot by Matt Nieto.
3:13 of 1st period - Shot Misses the Net.
3:15 of 1st period - Shot by Brandon Saad.
3:15 of 1st period - Shot Misses the Net.
3:34 of 1st period - Shot by Noah Hanifin.
3:34 of 1st period - Stopped by Steve Mason without a rebound.
3:35 of 1st period - Connor McDavid wins face-off versus Tyler Ennis in DALLAS Stars zone.
3:36 of 1st period - Shot by Sami Vatanen.
3:36 of 1st period - Shot Blocked by Mark Barberio.
4:05 of 1st period - Icing by Sami Vatanen.
4:06 of 1st period - Chris Stewart wins face-off versus Connor McDavid in OTTAWA Senators zone.
4:07 of 1st period - Shot by Mikkel Boedker.
4:07 of 1st period - Stopped by Tuukka Rask without a rebound.
4:08 of 1st period - Tyler Ennis wins face-off versus Tobias Rieder in OTTAWA Senators zone.
4:28 of 1st period - Icing by Jamie McGinn.
4:29 of 1st period - Derek Ryan wins face-off versus Connor McDavid in DALLAS Stars zone.
5:08 of 1st period - Shot by Gabriel Landeskog.
5:08 of 1st period - Stopped by Steve Mason without a rebound.
5:09 of 1st period - Derek Grant wins face-off versus Dale Weise in DALLAS Stars zone.
5:11 of 1st period - Brendan Gaunce is hit by Ben Hutton.
5:13 of 1st period - Shot by Derek Grant.
5:13 of 1st period - Deflect By Tobias Rieder.
5:13 of 1st period - Shot Misses the Net.
5:16 of 1st period - Icing by Connor Murphy.
5:17 of 1st period - Dale Weise wins face-off versus Matt Nieto in DALLAS Stars zone.
5:21 of 1st period - Tyler Ennis is hit by Matt Nieto and loses puck.
5:40 of 1st period - Shot by Tyler Ennis.
5:40 of 1st period - Stopped by Tuukka Rask with a rebound.
6:19 of 1st period - Off-side.
6:20 of 1st period - Connor McDavid wins face-off versus Derek Ryan in neutral zone.
6:30 of 1st period - Off-side.
6:31 of 1st period - Jack Eichel wins face-off versus Eric Fehr in neutral zone.
7:04 of 1st period - Shot by Scott Hartnell.
7:04 of 1st period - Stopped by Tuukka Rask without a rebound.
7:05 of 1st period - Connor McDavid wins face-off versus Dale Weise in OTTAWA Senators zone.
7:35 of 1st period - Off-side.
7:36 of 1st period - Jamie McGinn wins face-off versus Derek Grant in neutral zone.
7:50 of 1st period - Off-side.
7:51 of 1st period - Pavel Zacha wins face-off versus Eric Fehr in neutral zone.
10:34 of 1st period - Minor Penalty to Pavel Zacha for Holding.
10:35 of 1st period - Tobias Rieder wins face-off versus Derek Ryan in OTTAWA Senators zone.
10:59 of 1st period - Shot by Connor Murphy.
10:59 of 1st period - Shot Misses the Net.
11:01 of 1st period - Shot by Connor Murphy.
11:01 of 1st period - Shot Blocked by Sami Vatanen.
11:20 of 1st period - Tobias Rieder is hit by Ben Hutton and loses puck.
11:48 of 1st period - Shot by Mark Barberio.
11:48 of 1st period - Shot Blocked by Noah Hanifin.
11:48 of 1st period - Noah Hanifin from OTTAWA Senators is injured at 11:48 of 1st period (Left Hand).
11:49 of 1st period - Gabriel Landeskog wins face-off versus Chris Stewart in OTTAWA Senators zone.
12:10 of 1st period - Shot by Mark Barberio.
12:10 of 1st period - Shot Blocked by Keith Yandle.
12:12 of 1st period - Shot by Scott Hartnell.
12:12 of 1st period - Stopped by Tuukka Rask without a rebound.
12:13 of 1st period - Gabriel Landeskog wins face-off versus Eric Fehr in OTTAWA Senators zone.
12:51 of 1st period - Shot by Connor McDavid.
12:51 of 1st period - Shot Misses the Net.
12:53 of 1st period - Shot by Connor McDavid.
12:53 of 1st period - Stopped by Steve Mason with a rebound.
12:55 of 1st period - Shot by Connor McDavid.
12:55 of 1st period - Deflect By Dylan Larkin.
12:55 of 1st period - Shot Blocked by Connor Murphy.
12:57 of 1st period - Shot by Cody Ceci.
12:57 of 1st period - Shot Misses the Net.
12:59 of 1st period - Shot by Connor McDavid.
12:59 of 1st period - Shot Misses the Net.
13:01 of 1st period - Shot by Connor McDavid.
13:01 of 1st period - Deflect By Dylan Larkin.
13:01 of 1st period - Goal by Dylan Larkin - OTTAWA Senators : 1 - DALLAS Stars : 1.
13:02 of 1st period - Pavel Zacha wins face-off versus Dale Weise in neutral zone.
13:12 of 1st period - Icing by Eric Gelinas.
13:13 of 1st period - Dale Weise wins face-off versus Tobias Rieder in DALLAS Stars zone.
13:22 of 1st period - Shot by Lee Stempniak.
13:22 of 1st period - Stopped by Tuukka Rask without a rebound.
13:23 of 1st period - Connor McDavid wins face-off versus Derek Ryan in OTTAWA Senators zone.
13:28 of 1st period - MacKenzie Weegar is hit by Gabriel Landeskog and loses puck.
13:34 of 1st period - Connor McDavid is hit by MacKenzie Weegar and loses puck.
13:47 of 1st period - Shot by Keith Yandle.
13:47 of 1st period - Stopped by Steve Mason without a rebound.
13:48 of 1st period - Pavel Zacha wins face-off versus Eric Fehr in DALLAS Stars zone.
14:23 of 1st period - Shot by Eric Fehr.
14:23 of 1st period - Shot Blocked by Pavel Zacha.
14:54 of 1st period - Shot by Tyler Ennis.
14:54 of 1st period - Goal by Tyler Ennis - OTTAWA Senators : 1 - DALLAS Stars : 2.
14:55 of 1st period - Derek Ryan wins face-off versus Connor McDavid in neutral zone.
15:17 of 1st period - Shot by Connor McDavid.
15:17 of 1st period - Stopped by Steve Mason without a rebound.
15:18 of 1st period - Dale Weise wins face-off versus Jack Eichel in DALLAS Stars zone.
15:39 of 1st period - Brandon Saad is hit by Eric Gelinas and loses puck.
15:50 of 1st period - Shot by Brandon Saad.
15:50 of 1st period - Stopped by Steve Mason without a rebound.
15:51 of 1st period - Connor McDavid wins face-off versus Derek Ryan in DALLAS Stars zone.
16:06 of 1st period - Shot by Connor McDavid.
16:06 of 1st period - Stopped by Steve Mason with a rebound.
16:16 of 1st period - Shot by Derek Ryan.
16:16 of 1st period - Deflect By Jamie McGinn.
16:16 of 1st period - Shot Blocked by Jacob Trouba.
16:18 of 1st period - Shot by MacKenzie Weegar.
16:18 of 1st period - Deflect By Derek Ryan.
16:18 of 1st period - Stopped by Tuukka Rask without a rebound.
16:19 of 1st period - Jack Eichel wins face-off versus Eric Fehr in OTTAWA Senators zone.
16:23 of 1st period - Off-side.
16:24 of 1st period - Dale Weise wins face-off versus Jack Eichel in neutral zone.
16:33 of 1st period - Shot by Tyler Ennis.
16:33 of 1st period - Shot Misses the Net.
16:35 of 1st period - Shot by Eric Gelinas.
16:35 of 1st period - Shot Blocked by Brandon Saad.
16:37 of 1st period - Shot by Dale Weise.
16:37 of 1st period - Deflect By Lee Stempniak.
16:37 of 1st period - Stopped by Tuukka Rask without a rebound.
16:38 of 1st period - Eric Fehr wins face-off versus Connor McDavid in OTTAWA Senators zone.
16:49 of 1st period - Shot by Connor McDavid.
16:49 of 1st period - Stopped by Steve Mason with a rebound.
16:51 of 1st period - Shot by Dylan Larkin.
16:51 of 1st period - Shot Misses the Net.
16:53 of 1st period - Shot by Jacob Trouba.
16:53 of 1st period - Shot Misses the Net.
16:55 of 1st period - Shot by Jacob Trouba.
16:55 of 1st period - Shot Misses the Net.
17:00 of 1st period - Minor Penalty to MacKenzie Weegar for Interference.
17:01 of 1st period - Matt Nieto wins face-off versus Tyler Ennis in DALLAS Stars zone.
17:16 of 1st period - Shot by Connor Murphy.
17:16 of 1st period - Stopped by Tuukka Rask without a rebound.
17:17 of 1st period - Connor McDavid wins face-off versus Tyler Ennis in OTTAWA Senators zone.
17:28 of 1st period - Shot by Connor McDavid.
17:28 of 1st period - Stopped by Steve Mason without a rebound.
17:29 of 1st period - Matt Nieto wins face-off versus Tyler Ennis in DALLAS Stars zone.
17:49 of 1st period - Shot by Sami Vatanen.
17:49 of 1st period - Shot Hit the Post.
17:51 of 1st period - Shot by Tobias Rieder.
17:51 of 1st period - Shot Misses the Net.
17:53 of 1st period - Shot by Tobias Rieder.
17:53 of 1st period - Stopped by Steve Mason without a rebound.
17:54 of 1st period - Tyler Ennis wins face-off versus Connor McDavid in DALLAS Stars zone.
18:05 of 1st period - Shot by Gabriel Landeskog.
18:05 of 1st period - Shot Misses the Net.
18:39 of 1st period - Eric Gelinas is hit by Gabriel Landeskog and loses puck.
19:13 of 1st period - Shot by Derek Grant.
19:13 of 1st period - Stopped by Steve Mason without a rebound.
19:14 of 1st period - Pavel Zacha wins face-off versus Chris Kunitz in DALLAS Stars zone.
19:23 of 1st period - Shot by Pavel Zacha.
19:23 of 1st period - Stopped by Steve Mason with a rebound.
19:26 of 1st period - Icing by Ben Hutton.
19:27 of 1st period - Tobias Rieder wins face-off versus Derek Ryan in DALLAS Stars zone.
Goals for this period are 1 for OTTAWA Senators vs 2 for DALLAS Stars.
Shots for this period are 16 for OTTAWA Senators vs 11 for DALLAS Stars.

2nd period


0:01 of 2nd period - Connor McDavid wins face-off versus Dale Weise in neutral zone.
1:26 of 2nd period - Shot by Eric Fehr.
1:26 of 2nd period - Stopped by Tuukka Rask without a rebound.
1:27 of 2nd period - Derek Ryan wins face-off versus Pavel Zacha in OTTAWA Senators zone.
1:30 of 2nd period - Shot by Jamie McGinn.
1:30 of 2nd period - Shot Blocked by Pavel Zacha.
1:32 of 2nd period - Shot by Connor Murphy.
1:32 of 2nd period - Shot Misses the Net.
1:55 of 2nd period - Off-side.
1:56 of 2nd period - Connor McDavid wins face-off versus Eric Fehr in neutral zone.
2:17 of 2nd period - Shot by Chris Stewart.
2:17 of 2nd period - Shot Blocked by Keith Yandle.
2:24 of 2nd period - Icing by Connor McDavid.
2:25 of 2nd period - Dale Weise wins face-off versus Connor McDavid in OTTAWA Senators zone.
2:28 of 2nd period - Shot by Ben Hutton.
2:28 of 2nd period - Shot Misses the Net.
3:36 of 2nd period - Shot by Jamie McGinn.
3:36 of 2nd period - Shot Blocked by Fredrik Claesson.
3:50 of 2nd period - Shot by Pavel Zacha.
3:50 of 2nd period - Shot Misses the Net.
3:52 of 2nd period - Shot by Cody Ceci.
3:52 of 2nd period - Shot Misses the Net.
3:54 of 2nd period - Shot by Cody Ceci.
3:54 of 2nd period - Shot Misses the Net.
4:04 of 2nd period - Shot by Pavel Zacha.
4:04 of 2nd period - Shot Blocked by Dalton Prout.
4:13 of 2nd period - Matt Nieto is hit by Eric Gelinas and loses puck.
4:16 of 2nd period - Shot by Pavel Zacha.
4:16 of 2nd period - Shot Hit the Post.
5:12 of 2nd period - Gabriel Landeskog is hit by Scott Hartnell and loses puck.
5:45 of 2nd period - Dale Weise is hit by Gabriel Landeskog and loses puck.
5:59 of 2nd period - Brandon Saad is hit by Connor Murphy and loses puck.
6:06 of 2nd period - Shot by Jack Eichel.
6:06 of 2nd period - Shot Blocked by Connor Murphy.
6:45 of 2nd period - Icing by MacKenzie Weegar.
6:46 of 2nd period - Pavel Zacha wins face-off versus Milan Lucic in DALLAS Stars zone.
7:07 of 2nd period - Shot by Matt Nieto.
7:07 of 2nd period - Deflect By Pavel Zacha.
7:07 of 2nd period - Shot Misses the Net.
8:11 of 2nd period - Icing by Fredrik Claesson.
8:12 of 2nd period - Brendan Gaunce wins face-off versus Dale Weise in OTTAWA Senators zone.
8:51 of 2nd period - Shot by Connor McDavid.
8:51 of 2nd period - Stopped by Steve Mason without a rebound.
8:52 of 2nd period - Nikolay Goldobin wins face-off versus Derek Ryan in DALLAS Stars zone.
8:52 of 2nd period - Nikolay Goldobin is hit by Eric Gelinas.
9:21 of 2nd period - Derek Ryan is hit by Jon Merrill and loses puck.
10:43 of 2nd period - Tyler Ennis is hit by Tobias Rieder and loses puck.
10:54 of 2nd period - Shot by Jack Eichel.
10:54 of 2nd period - Shot Misses the Net.
10:56 of 2nd period - Shot by Fredrik Claesson.
10:56 of 2nd period - Shot Misses the Net.
10:58 of 2nd period - Shot by Fredrik Claesson.
10:58 of 2nd period - Stopped by Steve Mason with a rebound.
11:00 of 2nd period - Shot by Tobias Rieder.
11:00 of 2nd period - Stopped by Steve Mason without a rebound.
11:01 of 2nd period - Pavel Zacha wins face-off versus Eric Fehr in DALLAS Stars zone.
11:12 of 2nd period - Shot by Matt Nieto.
11:12 of 2nd period - Stopped by Steve Mason without a rebound.
11:13 of 2nd period - Derek Grant wins face-off versus Eric Fehr in DALLAS Stars zone.
12:02 of 2nd period - Shot by Derek Ryan.
12:02 of 2nd period - Shot Misses the Net.
12:04 of 2nd period - Shot by MacKenzie Weegar.
12:04 of 2nd period - Shot Misses the Net.
12:06 of 2nd period - Shot by Derek Ryan.
12:06 of 2nd period - Shot Misses the Net.
12:10 of 2nd period - Shot by Derek Ryan.
12:10 of 2nd period - Shot Blocked by Cody Ceci.
12:14 of 2nd period - Shot by Chris Kunitz.
12:14 of 2nd period - Shot Misses the Net.
12:20 of 2nd period - Shot by Chris Kunitz.
12:20 of 2nd period - Shot Misses the Net.
12:22 of 2nd period - Shot by Derek Ryan.
12:22 of 2nd period - Shot Misses the Net.
13:12 of 2nd period - Shot by Connor McDavid.
13:12 of 2nd period - Stopped by Steve Mason without a rebound.
13:13 of 2nd period - Dale Weise wins face-off versus Pavel Zacha in DALLAS Stars zone.
13:15 of 2nd period - Icing by Lee Stempniak.
13:16 of 2nd period - Dale Weise wins face-off versus Pavel Zacha in DALLAS Stars zone.
13:35 of 2nd period - Shot by Pavel Zacha.
13:35 of 2nd period - Stopped by Steve Mason without a rebound.
13:36 of 2nd period - Derek Ryan wins face-off versus Connor McDavid in DALLAS Stars zone.
13:43 of 2nd period - Shot by Derek Ryan.
13:43 of 2nd period - Stopped by Tuukka Rask without a rebound.
13:44 of 2nd period - Eric Fehr wins face-off versus Connor McDavid in OTTAWA Senators zone.
13:45 of 2nd period - Shot by Scott Hartnell.
13:45 of 2nd period - Deflect By Chris Stewart.
13:45 of 2nd period - Stopped by Tuukka Rask without a rebound.
13:46 of 2nd period - Connor McDavid wins face-off versus Eric Fehr in OTTAWA Senators zone.
13:48 of 2nd period - Icing by Keith Yandle.
13:49 of 2nd period - Eric Fehr wins face-off versus Connor McDavid in OTTAWA Senators zone.
13:55 of 2nd period - Connor McDavid is hit by Eric Gelinas and loses puck.
14:01 of 2nd period - Icing by Chris Stewart.
14:02 of 2nd period - Eric Fehr wins face-off versus Pavel Zacha in DALLAS Stars zone.
14:11 of 2nd period - Shot by Scott Hartnell.
14:11 of 2nd period - Goal by Scott Hartnell - OTTAWA Senators : 1 - DALLAS Stars : 3.
14:12 of 2nd period - Jack Eichel wins face-off versus Dale Weise in neutral zone.
14:12 of 2nd period - Keith Yandle is hit by Dale Weise and loses puck.
14:19 of 2nd period - Tobias Rieder is hit by Dale Weise and loses puck.
14:38 of 2nd period - Shot by Tyler Ennis.
14:38 of 2nd period - Stopped by Tuukka Rask with a rebound.
14:40 of 2nd period - Shot by Lee Stempniak.
14:40 of 2nd period - Stopped by Tuukka Rask without a rebound.
14:41 of 2nd period - Eric Fehr wins face-off versus Connor McDavid in OTTAWA Senators zone.
15:08 of 2nd period - Shot by Connor McDavid.
15:08 of 2nd period - Stopped by Steve Mason without a rebound.
15:09 of 2nd period - Jack Eichel wins face-off versus Dale Weise in DALLAS Stars zone.
15:10 of 2nd period - Shot by Keith Yandle.
15:10 of 2nd period - Shot Misses the Net.
15:27 of 2nd period - Shot by Tyler Ennis.
15:27 of 2nd period - Shot Misses the Net.
15:48 of 2nd period - Tyler Ennis is hit by Jacob Trouba and loses puck.
16:16 of 2nd period - Icing by Chris Stewart.
16:17 of 2nd period - Connor McDavid wins face-off versus Eric Fehr in DALLAS Stars zone.
16:17 of 2nd period - Cody Ceci is hit by MacKenzie Weegar and loses puck.
16:27 of 2nd period - Off-side.
16:28 of 2nd period - Derek Ryan wins face-off versus Pavel Zacha in neutral zone.
16:35 of 2nd period - Shot by Chris Kunitz.
16:35 of 2nd period - Stopped by Tuukka Rask without a rebound.
16:36 of 2nd period - Connor McDavid wins face-off versus Dale Weise in OTTAWA Senators zone.
16:36 of 2nd period - Connor McDavid is hit by Dale Weise.
16:56 of 2nd period - Shot by Tyler Ennis.
16:56 of 2nd period - Shot Misses the Net.
16:58 of 2nd period - Shot by Dalton Prout.
16:58 of 2nd period - Shot Blocked by Sami Vatanen.
17:10 of 2nd period - Shot by Lee Stempniak.
17:10 of 2nd period - Shot Blocked by Cody Ceci.
17:12 of 2nd period - Shot by Tyler Ennis.
17:12 of 2nd period - Stopped by Tuukka Rask without a rebound.
17:13 of 2nd period - Jack Eichel wins face-off versus Eric Fehr in OTTAWA Senators zone.
17:17 of 2nd period - Off-side.
17:18 of 2nd period - Eric Fehr wins face-off versus Jack Eichel in neutral zone.
17:20 of 2nd period - Off-side.
17:21 of 2nd period - Jack Eichel wins face-off versus Eric Fehr in neutral zone.
17:33 of 2nd period - Icing by Ben Hutton.
17:34 of 2nd period - Eric Fehr wins face-off versus Dylan Larkin in DALLAS Stars zone.
17:34 of 2nd period - Eric Fehr is hit by Gabriel Landeskog.
17:37 of 2nd period - Icing by Ben Hutton.
17:38 of 2nd period - Connor McDavid wins face-off versus Eric Fehr in DALLAS Stars zone.
17:54 of 2nd period - Gabriel Landeskog beats up Scott Hartnell.
17:54 of 2nd period - Penalty to Scott Hartnell for Fighting.
17:54 of 2nd period - Penalty to Gabriel Landeskog for Fighting.
17:54 of 2nd period - Connor Murphy and Dylan Larkin fight to a draw.
17:54 of 2nd period - Penalty to Connor Murphy for Fighting.
17:54 of 2nd period - Penalty to Dylan Larkin for Fighting.
17:54 of 2nd period - Eric Fehr and Sami Vatanen fight to a draw.
17:54 of 2nd period - Penalty to Eric Fehr for Fighting.
17:54 of 2nd period - Penalty to Sami Vatanen for Fighting.
17:54 of 2nd period - Minor Penalty to Ben Hutton for Slashing.
17:54 of 2nd period - Minor Penalty to Chris Stewart for Roughing.
17:54 of 2nd period - Minor Penalty to Connor McDavid for Slashing.
17:54 of 2nd period - Minor Penalty to Cody Ceci for Roughing.
17:55 of 2nd period - Brandon Saad wins face-off versus Chris Kunitz in DALLAS Stars zone.
18:02 of 2nd period - Tobias Rieder is hit by Eric Gelinas and loses puck.
18:15 of 2nd period - Shot by Tobias Rieder.
18:15 of 2nd period - Stopped by Steve Mason without a rebound.
18:16 of 2nd period - Brandon Saad wins face-off versus Chris Kunitz in DALLAS Stars zone.
18:19 of 2nd period - Shot by Brandon Saad.
18:19 of 2nd period - Shot Misses the Net.
18:37 of 2nd period - Shot by Dale Weise.
18:37 of 2nd period - Shot Blocked by Brandon Saad.
19:23 of 2nd period - Tyler Ennis is hit by Matt Nieto and loses puck.
19:49 of 2nd period - Shot by Mikkel Boedker.
19:49 of 2nd period - Shot Blocked by Jacob Trouba.
19:57 of 2nd period - Shot by Lee Stempniak.
19:57 of 2nd period - Deflect By Chris Stewart.
19:57 of 2nd period - Stopped by Tuukka Rask without a rebound.
19:58 of 2nd period - Connor McDavid wins face-off versus Derek Ryan in OTTAWA Senators zone.
Goals for this period are 0 for OTTAWA Senators vs 1 for DALLAS Stars.
Shots for this period are 8 for OTTAWA Senators vs 9 for DALLAS Stars.

3rd period


0:01 of 3rd period - Connor McDavid wins face-off versus Dale Weise in neutral zone.
0:25 of 3rd period - Off-side.
0:26 of 3rd period - Dale Weise wins face-off versus Connor McDavid in neutral zone.
0:28 of 3rd period - Off-side.
0:29 of 3rd period - Connor McDavid wins face-off versus Dale Weise in neutral zone.
0:29 of 3rd period - Connor McDavid is hit by Chris Kunitz.
1:01 of 3rd period - Shot by Matt Nieto.
1:01 of 3rd period - Stopped by Steve Mason without a rebound.
1:02 of 3rd period - Connor McDavid wins face-off versus Milan Lucic in DALLAS Stars zone.
1:03 of 3rd period - Shot by Matt Nieto.
1:03 of 3rd period - Stopped by Steve Mason without a rebound.
1:04 of 3rd period - Connor McDavid wins face-off versus Milan Lucic in DALLAS Stars zone.
1:43 of 3rd period - Shot by Milan Lucic.
1:43 of 3rd period - Shot Blocked by Keith Yandle.
1:50 of 3rd period - Icing by Connor McDavid.
1:51 of 3rd period - Connor McDavid wins face-off versus Dale Weise in OTTAWA Senators zone.
2:18 of 3rd period - Shot by Chris Kunitz.
2:18 of 3rd period - Deflect By Dale Weise.
2:18 of 3rd period - Stopped by Tuukka Rask without a rebound.
2:19 of 3rd period - Chris Kunitz wins face-off versus Tobias Rieder in OTTAWA Senators zone.
2:25 of 3rd period - Chris Kunitz is hit by Fredrik Claesson and loses puck.
2:39 of 3rd period - Icing by Eric Gelinas.
2:40 of 3rd period - Jack Eichel wins face-off versus Dale Weise in DALLAS Stars zone.
2:58 of 3rd period - Off-side.
2:59 of 3rd period - Connor McDavid wins face-off versus Milan Lucic in neutral zone.
3:08 of 3rd period - Shot by Gabriel Landeskog.
3:08 of 3rd period - Shot Misses the Net.
3:10 of 3rd period - Shot by Dylan Larkin.
3:10 of 3rd period - Deflect By Connor McDavid.
3:10 of 3rd period - Shot Misses the Net.
3:24 of 3rd period - Shot by Gabriel Landeskog.
3:24 of 3rd period - Shot Misses the Net.
3:28 of 3rd period - Shot by Connor McDavid.
3:28 of 3rd period - Stopped by Steve Mason with a rebound.
5:08 of 3rd period - Off-side.
5:09 of 3rd period - Connor McDavid wins face-off versus Chris Kunitz in neutral zone.
5:18 of 3rd period - Shot by Gabriel Landeskog.
5:18 of 3rd period - Stopped by Steve Mason without a rebound.
5:19 of 3rd period - Connor McDavid wins face-off versus Eric Fehr in DALLAS Stars zone.
5:36 of 3rd period - Shot by Chris Stewart.
5:36 of 3rd period - Shot Misses the Net.
5:38 of 3rd period - Shot by Eric Gelinas.
5:38 of 3rd period - Stopped by Tuukka Rask with a rebound.
5:40 of 3rd period - Shot by Dalton Prout.
5:40 of 3rd period - Shot Misses the Net.
8:15 of 3rd period - Shot by Fredrik Claesson.
8:15 of 3rd period - Shot Misses the Net.
8:40 of 3rd period - Off-side.
8:41 of 3rd period - Derek Ryan wins face-off versus Derek Grant in neutral zone.
8:46 of 3rd period - Derek Grant is hit by Derek Ryan and loses puck.
9:40 of 3rd period - Icing by Connor Murphy.
9:41 of 3rd period - Connor McDavid wins face-off versus Milan Lucic in DALLAS Stars zone.
9:49 of 3rd period - Minor Penalty to Milan Lucic for Roughing.
9:50 of 3rd period - Connor McDavid wins face-off versus Chris Stewart in DALLAS Stars zone.
10:33 of 3rd period - Shot by Connor McDavid.
10:33 of 3rd period - Stopped by Steve Mason without a rebound.
10:34 of 3rd period - Matt Nieto wins face-off versus Tyler Ennis in DALLAS Stars zone.
11:26 of 3rd period - Shot by Sami Vatanen.
11:26 of 3rd period - Shot Misses the Net.
11:28 of 3rd period - Shot by Keith Yandle.
11:28 of 3rd period - Shot Misses the Net.
11:30 of 3rd period - Shot by Connor McDavid.
11:30 of 3rd period - Shot Misses the Net.
11:32 of 3rd period - Shot by Gabriel Landeskog.
11:32 of 3rd period - Goal by Gabriel Landeskog - OTTAWA Senators : 2 - DALLAS Stars : 3.
11:33 of 3rd period - Derek Ryan wins face-off versus Pavel Zacha in neutral zone.
12:39 of 3rd period - Shot by Connor McDavid.
12:39 of 3rd period - Shot Misses the Net.
12:51 of 3rd period - Shot by Dylan Larkin.
12:51 of 3rd period - Shot Misses the Net.
12:53 of 3rd period - Shot by Connor McDavid.
12:53 of 3rd period - Deflect By Dylan Larkin.
12:53 of 3rd period - Stopped by Steve Mason without a rebound.
12:54 of 3rd period - Jack Eichel wins face-off versus Dale Weise in DALLAS Stars zone.
12:54 of 3rd period - Jack Eichel is hit by MacKenzie Weegar.
13:05 of 3rd period - Jack Eichel is hit by Mark Barberio and loses puck.
13:22 of 3rd period - Shot by Jack Eichel.
13:22 of 3rd period - Stopped by Steve Mason with a rebound.
13:57 of 3rd period - Shot by Jon Merrill.
13:57 of 3rd period - Shot Misses the Net.
14:11 of 3rd period - Shot by Scott Hartnell.
14:11 of 3rd period - Shot Misses the Net.
14:13 of 3rd period - Shot by Chris Stewart.
14:13 of 3rd period - Shot Blocked by Jon Merrill.
14:24 of 3rd period - Chris Stewart is hit by Jon Merrill and loses puck.
14:29 of 3rd period - Shot by Scott Hartnell.
14:29 of 3rd period - Stopped by Tuukka Rask without a rebound.
14:30 of 3rd period - Milan Lucic wins face-off versus Connor McDavid in OTTAWA Senators zone.
14:31 of 3rd period - Shot by Mikkel Boedker.
14:31 of 3rd period - Shot Misses the Net.
15:37 of 3rd period - Chris Kunitz is hit by Cody Ceci and loses puck.
15:53 of 3rd period - Shot by Chris Kunitz.
15:53 of 3rd period - Shot Blocked by Cody Ceci.
16:11 of 3rd period - Off-side.
16:12 of 3rd period - Pavel Zacha wins face-off versus Eric Fehr in neutral zone.
16:20 of 3rd period - Icing by Eric Fehr.
16:21 of 3rd period - Eric Fehr wins face-off versus Gabriel Landeskog in DALLAS Stars zone.
16:51 of 3rd period - Shot by Dalton Prout.
16:51 of 3rd period - Deflect By Scott Hartnell.
16:51 of 3rd period - Shot Misses the Net.
17:52 of 3rd period - Shot by Chris Kunitz.
17:52 of 3rd period - Deflect By Derek Ryan.
17:52 of 3rd period - Shot Misses the Net.
17:54 of 3rd period - Shot by MacKenzie Weegar.
17:54 of 3rd period - Shot Misses the Net.
17:56 of 3rd period - Shot by Chris Kunitz.
17:56 of 3rd period - Stopped by Tuukka Rask without a rebound.
17:57 of 3rd period - Jack Eichel wins face-off versus Lee Stempniak in OTTAWA Senators zone.
18:30 of 3rd period - Sami Vatanen is hit by Dale Weise and loses puck.
18:34 of 3rd period - Minor Penalty to Lee Stempniak for Hooking.
18:35 of 3rd period - Tyler Ennis wins face-off versus Matt Nieto in DALLAS Stars zone.
18:57 of 3rd period - MacKenzie Weegar is hit by Matt Nieto and loses puck.
19:00 of 3rd period - OTTAWA Senators, Tuukka Rask is pulled from the net.
19:18 of 3rd period - Shot by Sami Vatanen.
19:18 of 3rd period - Shot Blocked by Connor Murphy.
19:34 of 3rd period - Shot by Dylan Larkin.
19:34 of 3rd period - Shot Misses the Net.
19:36 of 3rd period - Shot by Keith Yandle.
19:36 of 3rd period - Shot Blocked by Connor Murphy.
19:38 of 3rd period - Shot by Keith Yandle.
19:38 of 3rd period - Shot Misses the Net.
Goals for this period are 1 for OTTAWA Senators vs 0 for DALLAS Stars.
Shots for this period are 8 for OTTAWA Senators vs 4 for DALLAS Stars.